 Dungeon Crawl Stone Soup version 0.28.0-45-g0d030f2227 (webtiles) character file.

Game seed: 14789283583847804092

26674 protoss039 the Eclecticist (level 13, -1/80 HPs)
             Began as a Gargoyle Earth Elementalist on May 8, 2022.
             Was an Elder of Vehumet.
             Slain by an orc knight
             ... wielding a +2 war axe of flaming
              (6 damage)
             ... on level 14 of the Dungeon.
             The game lasted 00:40:58 (16370 turns).

protoss039 the Eclecticist (GrEE)                  Turns: 16370, Time: 00:40:58

Health: -1/80      AC: 10    Str: 13    XL:     13   Next: 27%
Magic:  15/41      EV: 12    Int: 25    God:    Vehumet [****..]
Gold:   680        SH:  0    Dex: 12    Spells: 14/42 levels left

rFire   . . .      SeeInvis +   z - +5 spear (freeze)
rCold   . . .      Faith    .   (no shield)
rNeg    + . .      Spirit   .   (no armour)
rPois   ∞          Reflect  .   (no helmet)
rElec   +          Harm     .   (no cloak)
rCorr   +          Rampage  .   G - +0 pair of gloves of the Trombone {Int+5 Dex+2 SInv}
Will    .....                   (no boots)
Stlth   ++........              b - amulet of regeneration
HPRegen 1.03/turn               r - ring of resist corrosion
MPRegen 0.27/turn               P - ring of magical power

@: no status effects
A: sickness immunity, AC +9, negative energy resistance 1, electricity
resistance, torment resistance 1, petrification resistance
a: Renounce Religion


You were on level 14 of the Dungeon.
You worshipped Vehumet.
Vehumet was greatly pleased with you.
You visited 2 branches of the dungeon, and saw 15 of its levels.

You collected 984 gold pieces.
You spent 304 gold pieces at shops.

Inventory:

Hand Weapons
 w - a +2 short sword of draining
 z - a +5 spear of freezing (weapon)
 I - a +0 broad axe of flaming
Missiles
 c - 336 stones
Armour
 a - a +2 robe of the Archmagi
 G - the +0 pair of gloves of the Trombone (worn) {Int+5 Dex+2 SInv}
   (You bought it in a shop on level 7 of the Dungeon)

   Int:       It affects your intelligence (+5).
   Dex:       It affects your dexterity (+2).
   SInv:      It lets you see invisible.
 O - a +2 robe of willpower
 R - a +2 robe of cold resistance
Magical Staves
 t - a staff of conjuration
Jewellery
 b - an amulet of regeneration (around neck)
 r - a ring of resist corrosion (left hand)
 L - a ring of flight
 P - a ring of magical power (right hand)
 Q - a ring of ice
Wands
 p - a wand of flame (50)
 y - a wand of iceblast (22)
 H - a wand of digging (10)
 N - a wand of paralysis (4)
Scrolls
 d - 3 scrolls of blinking
 e - 3 scrolls of fear
 f - a scroll of vulnerability {unknown}
 h - 2 scrolls of enchant armour
 j - 4 scrolls of teleportation
 n - 4 scrolls of immolation
 q - 4 scrolls of fog
 u - a scroll of torment {unknown}
 v - a scroll of brand weapon {unknown}
 D - a scroll of enchant weapon {unknown}
 E - 5 scrolls of amnesia
 M - a scroll of silence {unknown}
Potions
 g - 3 potions of curing
 i - 4 potions of brilliance
 l - a potion of might
 o - 2 potions of invisibility {unknown}
 s - 3 potions of haste {unknown}
 x - 2 potions of berserk rage {unknown}
 B - a potion of flight {unknown}
 C - 2 potions of lignification {unknown}
 F - 2 potions of heal wounds {unknown}
 J - a potion of resistance {unknown}
 K - a potion of cancellation {unknown}


   Skills:
 - Level 9.0 Fighting
 - Level 1.5 Dodging
 - Level 2.1 Stealth
 * Level 15.4 Spellcasting
 + Level 9.8 Conjurations
 - Level 2.1 Transmutations
 - Level 3.0 Fire Magic
 - Level 9.0 Earth Magic


You had 14 spell levels left.
You knew the following spells:

 Your Spells              Type           Power      Damage    Failure   Level
a - Sandblast             Erth           100%       2d20      1%          1
b - Passwall              Tmut/Erth      39%        N/A       1%          2
c - Stone Arrow           Conj/Erth      100%       3d13      1%          3
d - Fireball              Conj/Fire      25%        3d11      1%          5
e - Scorch                Fire           68%        2d8       1%          2
f - Iskenderun's Battles  Conj           62%        2d11      1%          5
g - Mephitic Cloud        Conj/Pois/Air  35%        N/A       1%          3
h - Orb of Destruction    Conj           31%        9d10      11%         7

Your spell library contained the following spells:

 Spells                   Type           Power      Damage    Failure   Level
 Lightning Bolt           Conj/Air       21%        1d36      3%          5
 Slow                     Hex            76%        N/A       2%          1
 Petrify                  Tmut/Erth      47%        N/A       2%          4
 Confusing Touch          Hex            19%        N/A       9%          3
 Gell's Gravitas          Tloc           19%        N/A       9%          3
 Ozocubu's Armour         Ice            19%        N/A       9%          3
 Teleport Other           Tloc           19%        N/A       9%          3
 Vampiric Draining        Necr           19%        2d7       9%          3
 Conjure Ball Lightning   Conj/Air       21%        3x3d6     16%         6
 Metabolic Englaciation   Hex/Ice        9%         N/A       61%         5
 Dispersal                Tloc           9%         N/A       99%         6
 Simulacrum               Ice/Necr       9%         N/A       99%         6


Dungeon Overview and Level Annotations

Branches:
Dungeon (14/15)            Temple (1/1) D:6            Lair (0/6) D:10
    Orc (0/2) D:9
 Vaults: D:13-14

Altars:
Ashenzari
Cheibriados
Dithmenos
Elyvilon
Fedhas
Gozag
Hepliaklqana
Kikubaaqudgha
Makhleb
Nemelex Xobeh
Okawaru
Qazlal
Ru
Sif Muna
Trog
Uskayaw
Vehumet
Wu Jian
Xom
Yredelemnul
Zin
The Shining One

Shops:
D:7 =[

Annotations:
D:8 Gastronok


Innate Abilities, Weirdness & Mutations

You are immune to sickness and miasma.
Your stone body is resilient. (AC +9)
You are immune to poison.
You resist negative energy. (rN+)
You are resistant to electric shocks. (rElec)
You are resistant to unholy torment.
You are immune to petrification.


Message History

The ball explodes into a vile cloud!
The stinking cloud engulfs the boulder beetle but does no damage.
You hear a shout!
You hear a horrible gurgling sound! x2
The boulder beetle is engulfed in noxious fumes.
The boulder beetle appears confused.
Unknown command.
Unknown command.
Casting: Mephitic Cloud (safe; 1% risk of failure)
Confirm with . or Enter, or press ? or * to list all spells.
Aiming: Sandblast (safe; 1% risk of failure)
Press: ? - help, Shift-Dir - straight line, f/p - boulder beetle
Aim: a boulder beetle (noxious fumes, confused, 100% to hit)
Okay, then.
Casting: Sandblast (safe; 1% risk of failure)
Confirm with . or Enter, or press ? or * to list all spells.
Aiming: Stone Arrow (safe; 1% risk of failure)
Press: ? - help, Shift-Dir - straight line, f/p - boulder beetle
Aim: a boulder beetle (noxious fumes, confused, 100% to hit)
The stone arrow hits the boulder beetle!
The boulder beetle is lightly wounded.
The boulder beetle is engulfed in noxious fumes.
Unknown command.
Unknown command.
An orc knight comes into view. It is wielding a +2 war axe of flaming.
The boulder beetle is engulfed in noxious fumes.
The boulder beetle appears confused.
Things that are here:
a +0 dagger; a +0 robe; a human corpse The boulder beetle is engulfed in noxious fumes.
The boulder beetle appears confused.
There is a shaft here.
The orc knight hits you with a +2 war axe of flaming!!
The orc knight burns you!
The orc knight hits you with a +2 war axe of flaming!
The orc knight burns you.
The boulder beetle curls into a ball and begins rolling!
The orc knight hits you with a +2 war axe of flaming!!
* * * LOW HITPOINT WARNING * * *
The orc knight burns you.
You die...

...()###### .#.#
......##.. ...#
..###)##.# #..#
..###.##.#####..#
[#).........##..#
.#.##.##.##.##..# ..
.#.##.##.#..B..<####...#
.....................>..
#..####.##.###..@##.##.#
#..# #.##.#...o.# #...
#.##.#.#...# #.##
#.##.....### #.##.....#
..##.....# ####.....#
#..... ######


You could see a boulder beetle (rolling) and an orc knight.

Vanquished Creatures
  Josephine (D:11)
  Fannar (D:11)
  A catoblepas (D:14)
  A boulder beetle (D:13)
  3 hydras
  3 centaur warriors
  3 two-headed ogres
  A tengu warrior (D:14)
  5 skeletal warriors
  2 wizards
  An ugly thing (D:13)
  2 cyclopes
  2 centaur zombies (D:10)
  2 gargoyles
  Psyche (D:10)
  A kobold demonologist (D:12)
  2 tengu conjurers (D:14)
  3 trolls
  8 slime creatures
  A yak (shapeshifter) (D:14)
  5 wyverns
  A shadow (D:10)
  6 wraiths
  2 vampires
  5 yaks (D:10)
  9 vampire mosquitoes
  A steam dragon (D:6)
  A basilisk (D:10)
  4 acid dragons
  5 water moccasins
  A swamp drake (D:9)
  3 orc warriors
  A sky beast (D:6)
  2 ice beasts (D:6)
  A necrophage (D:6)
  An ogre (D:6)
  A centaur (D:7)
  3 kobold brigands (D:12)
  Blork the orc (D:4)
  3 bullfrogs
  A wyvern zombie (D:5)
  3 scorpions
  A water moccasin skeleton (D:5)
  8 killer bees
  An electric eel (D:8)
  8 wights
  6 howler monkeys
  A centaur skeleton (D:6)
  3 jellies
  2 gnoll shamans
  12 orc priests
  A bullfrog skeleton (D:5)
  4 hounds
  8 orc wizards
  3 iguanas
  2 killer bee zombies
  A hound skeleton (D:5)
  A howler monkey zombie (D:6)
  10 gnolls
  A howler monkey skeleton (D:6)
  8 adders
  A white imp (D:6)
  An ufetubus (D:7)
  An adder skeleton (D:4)
  3 worms
  4 dart slugs
  33 orcs
  5 endoplasms
  7 giant cockroaches
  6 hobgoblins
  10 jackals
  7 quokkas
  9 ball pythons
  10 bats
  6 frilled lizards
  6 goblins
  12 kobolds
  3 rats
309 creatures vanquished.

Vanquished Creatures (others)
  2 bushes (D:10)
  2 fungi (D:10)
  22 plants (D:10)
  5 toadstools (D:2)
31 creatures vanquished.

Grand Total: 340 creatures vanquished

Notes
Turn   | Place    | Note
-------+----------+-------------------------------------------
     0 | D:1      | protoss039 the Gargoyle Earth Elementalist began the quest
                  | for the Orb.
     0 | D:1      | Reached XP level 1. HP: 10/10 MP: 3/3
    53 | D:1      | Reached skill level 1 in Transmutations
   366 | D:1      | Reached XP level 2. HP: 6/15 MP: 3/5
  1572 | D:1      | Reached XP level 3. HP: 18/19 MP: 6/6
  2421 | D:2      | Found a faded altar of an unknown god.
  2579 | D:2      | Reached XP level 4. HP: 24/24 MP: 6/8
  2910 | D:2      | Reached skill level 3 in Spellcasting
  3533 | D:3      | Reached XP level 5. HP: 28/28 MP: 9/9
  3799 | D:3      | Reached skill level 5 in Earth Magic
  4226 | D:4      | Learned a level 2 spell: Passwall
  4230 | D:4      | Learned a level 3 spell: Stone Arrow
  4258 | D:4      | Reached skill level 1 in Conjurations
  4380 | D:4      | Reached XP level 6. HP: 25/32 MP: 4/11
  4609 | D:4      | Noticed Blork the orc
  4618 | D:4      | Killed Blork the orc
  5133 | D:5      | Entered Level 5 of the Dungeon
  5385 | D:5      | Reached skill level 4 in Spellcasting
  5398 | D:5      | Reached XP level 7. HP: 35/36 MP: 1/13
  5969 | D:5      | Reached skill level 5 in Conjurations
  5977 | D:5      | Reached XP level 8. HP: 41/41 MP: 1/15
  6258 | D:5      | You fall into a shaft and drop 2 floors!
  6282 | D:7      | Reached skill level 5 in Spellcasting
  6313 | D:6      | Found a staircase to the Ecumenical Temple.
  6321 | Temple   | Entered the Ecumenical Temple
  6741 | Temple   | Became a worshipper of Vehumet
  6977 | D:6      | Reached skill level 1 in Fighting
  7504 | D:6      | Reached skill level 6 in Spellcasting
  7504 | D:6      | Reached XP level 9. HP: 50/50 MP: 2/18
  8037 | D:7      | Found Selal's Armour Emporium.
  8040 | D:7      | Bought the +0 pair of gloves of the Trombone {Int+5 Dex+2
                  | SInv} for 304 gold pieces
  8257 | D:7      | Reached * piety under Vehumet
  8257 | D:7      | Offered knowledge of Magic Dart by Vehumet.
  8359 | D:7      | Found Okhlux's Jewellery Boutique.
  8601 | D:7      | Learned a level 5 spell: Fireball
  8614 | D:8      | Reached skill level 7 in Spellcasting
  8821 | D:8      | Reached skill level 1 in Fire Magic
  8899 | D:8      | Noticed Gastronok
  9160 | D:8      | Found a blossoming altar of Fedhas.
  9697 | D:9      | Noticed a five-headed hydra
  9710 | D:9      | Reached XP level 10. HP: 35/56 MP: 14/21
  9933 | D:9      | Killed a five-headed hydra
  9934 | D:9      | Reached skill level 8 in Spellcasting
 10087 | D:9      | Found a staircase to the Orcish Mines.
 10091 | D:9      | Offered knowledge of Scorch by Vehumet.
 10104 | D:9      | Learned a level 2 spell: Scorch
 10567 | D:9      | Noticed a wizard
 10569 | D:9      | Killed a wizard
 10570 | D:9      | Reached skill level 5 in Fighting
 10612 | D:9      | Reached ** piety under Vehumet
 10966 | D:10     | Entered Level 10 of the Dungeon
 11087 | D:10     | Reached skill level 9 in Spellcasting
 11466 | D:10     | Found a staircase to the Lair.
 11495 | D:10     | Reached XP level 11. HP: 64/64 MP: 19/24
 11563 | D:10     | Reached skill level 10 in Spellcasting
 11757 | D:10     | Noticed Psyche
 11763 | D:10     | Killed Psyche
 12101 | D:10     | Learned a level 5 spell: Iskenderun's Battlesphere
 12128 | D:10     | Offered knowledge of Frozen Ramparts by Vehumet.
 12567 | D:11     | Noticed a skeletal warrior
 12568 | D:11     | Noticed a skeletal warrior
 12568 | D:11     | Noticed a skeletal warrior
 12602 | D:10     | Killed a skeletal warrior
 12603 | D:10     | Reached skill level 11 in Spellcasting
 12799 | D:11     | Killed a skeletal warrior
 12893 | D:11     | Noticed a skeletal warrior
 12900 | D:11     | Killed a skeletal warrior
 12968 | D:11     | Noticed a skeletal warrior
 13017 | D:9      | Killed a skeletal warrior
 13018 | D:9      | Reached skill level 12 in Spellcasting
 13135 | D:11     | Noticed Josephine
 13142 | D:11     | Killed Josephine
 13323 | D:11     | Killed a skeletal warrior
 13521 | D:11     | Reached skill level 13 in Spellcasting
 13521 | D:11     | Reached XP level 12. HP: 63/70 MP: 13/29
 13608 | D:11     | Noticed Fannar
 13618 | D:11     | Killed Fannar
 13712 | D:11     | Found an opulent altar of Gozag.
 13716 | D:11     | Reached *** piety under Vehumet
 13744 | D:11     | Noticed a six-headed hydra
 13749 | D:11     | Killed a six-headed hydra
 14310 | D:12     | Noticed a two-headed ogre
 14315 | D:12     | Killed a two-headed ogre
 14316 | D:12     | Reached skill level 14 in Spellcasting
 14512 | D:12     | Noticed an eight-headed hydra
 14517 | D:12     | Killed an eight-headed hydra
 14517 | D:12     | Offered knowledge of Mephitic Cloud by Vehumet.
 14522 | D:12     | Learned a level 3 spell: Mephitic Cloud
 14767 | D:12     | Noticed a two-headed ogre
 14780 | D:12     | Killed a two-headed ogre
 15582 | D:13     | Noticed a boulder beetle
 15596 | D:13     | Killed a boulder beetle
 15748 | D:13     | Learned a level 7 spell: Orb of Destruction
 15824 | D:13     | Noticed a centaur warrior
 15833 | D:13     | Killed a centaur warrior
 15835 | D:13     | Noticed a centaur warrior
 15839 | D:13     | Killed a centaur warrior
 15840 | D:13     | Reached skill level 15 in Spellcasting
 15972 | D:13     | Reached XP level 13. HP: 59/78 MP: 32/32
 16028 | D:13     | Reached **** piety under Vehumet
 16289 | D:14     | Identified the +7 long sword "Xitiz" {drain, rC+ Stlth+}
 16297 | D:14     | Offered knowledge of Lightning Bolt by Vehumet.
 16370 | D:14     | Slain by an orc knight

Illustrated notes

Levels and vault maps discovered:
D:1:      dpeg_arrival_simpleton_a, layout_basic
D:2:      layout_rooms, shapermc_ecumenical_altar_venn, grunt_ministairs_10,
          minmay_fountain_box, minmay_gold_behind_fungi,
          chequers_serial_rivers_small_a
D:3:      layout_rooms
D:4:      layout_loops_ring, uniq_blork_the_orc
D:5:      layout_rooms, grunt_ministairs_9,
          nicolae_concentric_dashed_squares_wild, wad_floor_pattern_untrapped
D:6:      layout_loops_ring, minmay_temple_entry_arrows,
          minmay_chambers_of_fives
D:7:      layout_cave_pools, serial_shops, nicolae_shop_behind_doors,
          enter_bailey_2, minmay_shop_enchanted_jewellery
D:8:      layout_basic, amcnicky_altar_gilded, uniq_gastronok
D:9:      layout_irregular_city, erik_orc_1, minmay_variable_closet
D:10:     layout_gridville, minmay_lair_entry_grove, minmay_circle_x,
          uniq_psyche
D:11:     layout_roguey, nicolae_gozag_seed_capital, uniq_fannar, uniq_josephine
D:12:     layout_loops_ring
D:13:     layout_loops_ring, lightli_vaults_fourway_checkpoint,
          statue_in_the_mist_lemuel
D:14:     minmay_cut_squares, layout_loops_cross, minmay_strange_pillars
Temple:   roderic_octagonal_lattice_temple

Skill      XL: |  1  2  3  4  5  6  7  8  9 10 11 12 13 |
---------------+----------------------------------------+-----
Transmutations | 1 2 |  2.1
Earth Magic    | 4 5 6 7 9 |  9.0
Spellcasting   | 3 4 6 7 9 13 15 | 15.4
Conjurations   | 1 3 5 6 8 9 |  9.8
Fighting       | 3 6 8 9 |  9.0
Fire Magic     | 1 3 |  3.0
Dodging        | |  1.5
Stealth        | |  2.1

Action                   |  1- 3 |  4- 6 |  7- 9 | 10-12 | 13-15 || total
-------------------------+-------+-------+-------+-------+-------++-------
Melee: Short sword       |   153 |   179 |    18 |    12 |       ||   362
       Unarmed           |     4 |       |       |       |       ||     4
       Punch             |     2 |     2 |       |     1 |       ||     5
       Spear             |       |       |    37 |     8 |     3 ||    48
       Broad axe         |       |       |       |    13 |       ||    13
 Cast: Sandblast         |    24 |    67 |    41 |    47 |    14 ||   193
       Stone Arrow       |       |       |    69 |   192 |    26 ||   287
       Passwall          |       |       |       |     1 |       ||     1
       Iskenderun's Batt |       |       |       |    21 |     2 ||    23
       Fireball          |       |       |       |     6 |       ||     6
       Scorch            |       |       |       |     8 |       ||     8
       Mephitic Cloud    |       |       |       |     4 |     6 ||    10
  Use: Scroll            |       |       |     6 |     3 |     2 ||    11
       Potion            |       |       |       |       |     4 ||     4
 Stab: Sleeping          |     1 |     2 |       |       |       ||     3
       Confused          |       |       |       |       |     2 ||     2
Armor: Robe              |    56 |    10 |    50 |    69 |    14 ||   199
       Ring mail         |    26 |   104 |       |       |       ||   130
Dodge: Dodged            |   149 |   128 |    67 |    90 |    13 ||   447
